AoeStats
← hainguyennguyenthoi

Nomad

508433996Analyzed
3v3 RM · 11d ago on Sep 22, 2026· 36m 0s· 6 players
Game mode
Random Map
Map size
210×210
Population
200
Speed
Normal
Resources
Standard
Victory
Conquest
Starting age
Dark Age
Ending age
Imperial Age
RankedLock teamsTeams togetherTeam positionsShared explorationLock speedFull tech treeHidden civsTurbo modeCheats
Victory
Defeat
🇻🇳 Tatars · Vietnam
1324
+13
🇦🇷 Persians · Argentina
1251
+16
🇹🇼 Mongols · Taiwan
1236
+17
🇦🇷 Vietnamese · Argentina
1323
-17
🇳🇨 Malians · New Caledonia
1290
-17
🇳🇨 Jurchens · New Caledonia
1160
-12
飛衫走奶
3:48 Loom
12:28 Feudal Age
16:39 Castle Age
15:40 Double-Bit Axe
16:06 Horse Collar
17:30 Wheelbarrow
19:06 Bow Saw
19:15 Heavy Plow
27:03 Fletching
32:14 Imperial Age
30:16 Padded Archer Armor
32:04 Bodkin Arrow
36:32 Conscription
36:13 Bracer
VISTOYCONSI | Tafirol
2:50 Loom
14:37 Feudal Age
19:08 Castle Age
18:04 Scale Barding Armor
18:32 Double-Bit Axe
19:27 Bloodlines
22:17 Wheelbarrow
22:18 Husbandry
22:37 Forging
28:12 Hand Cart
30:00 Iron Casting
30:33 Chain Barding Armor
hainguyennguyenthoi
4:44 Loom
14:17 Feudal Age
16:45 Fletching
17:51 Padded Archer Armor
19:48 Wheelbarrow
25:08 Town Watch
27:27 Castle Age
26:36 Double-Bit Axe
26:32 Horse Collar
28:53 Bodkin Arrow
29:44 Hand Cart
29:16 Crossbowman
33:28 Bow Saw
34:06 Town Watch
34:48 Ballistics
35:46 Heavy Plow
35:37 Gold Mining
36:25 Leather Archer Armor
Boy oh boy
6:27 Loom
13:10 Feudal Age
14:42 Fishing Lines
17:30 Wheelbarrow
16:51 Fletching
21:37 Castle Age
23:16 Gillnets
25:47 Squires
25:48 Scale Mail Armor
31:35 Forging
32:28 Man-at-Arms
33:15 Pikeman
33:15 Long Swordsman
34:13 Chain Mail Armor
carton corrugado
4:09 Loom
13:47 Feudal Age
18:04 Castle Age
17:29 Double-Bit Axe
19:01 Bow Saw
19:16 Fletching
19:16 Horse Collar
19:54 Bodkin Arrow
20:20 Padded Archer Armor
28:47 Stone Mining
28:47 Gold Mining
29:16 Gold Mining
33:44 Imperial Age
33:28 Leather Archer Armor
34:49 Bracer
Chill Trip
10:33 Loom
13:15 Feudal Age
14:50 Double-Bit Axe
22:18 Bloodlines
23:28 Scale Barding Armor
29:25 Castle Age
28:18 Horse Collar
28:33 Gold Mining
31:18 Bow Saw
31:15 Pikeman
Connection lost

Rejoining the realm…

Still unreachable

The connection could not be restored.

Session expired

The server has moved on; the page needs a fresh start.